AoeStats
← imissyouyuki

Nomad

510030045Analyzed
2v2 RM · 3d ago on Sep 29, 2026· 46m 27s· 4 players
Game mode
Random Map
Map size
176×176
Population
200
Speed
Normal
Resources
Standard
Victory
Conquest
Starting age
Dark Age
Ending age
Imperial Age
RankedLock teamsTeams togetherTeam positionsShared explorationLock speedFull tech treeHidden civsTurbo modeCheats
Victory
Defeat
🇦🇷 Bohemians · Argentina
996
+45
🇦🇷 Portuguese · Argentina
996
+45
🇹🇼 Maya · Taiwan
1022
-18
🇧🇷 Danes · Brazil
957
-14
Elvis
4:41 Loom
18:30 Feudal Age
22:38 Castle Age
21:33 Double-Bit Axe
27:40 Scale Barding Armor
44:45 Gold Mining
El_PeTe_EnEmIgO
17:36 Feudal Age
17:51 Loom
22:37 Castle Age
21:31 Horse Collar
21:40 Double-Bit Axe
28:27 Bow Saw
28:41 Wagenburg Tactics
29:42 Wheelbarrow
33:56 Hand Cart
33:26 Town Watch
33:27 Loom
39:35 Fletching
39:46 Padded Archer Armor
45:25 Imperial Age
45:55 Heavy Plow
46:09 Forging
45:55 Bodkin Arrow
46:16 Leather Archer Armor
46:01 Scale Mail Armor
46:07 Scale Barding Armor
46:54 Conscription
46:10 Elite Hussite Wagon
KFE@ segundo pior
5:17 Loom
5:58 Loom
14:58 Feudal Age
15:31 Town Watch
17:19 Wheelbarrow
16:43 Double-Bit Axe
16:42 Horse Collar
18:59 Fishing Lines
25:20 Castle Age
24:16 Arson
23:52 Man-at-Arms
24:34 Gold Mining
26:35 Hand Cart
26:37 Bow Saw
27:02 Gambesons
27:19 Squires
30:13 Fletching
30:33 Forging
30:41 Pikeman
34:52 Iron Casting
34:12 Bodkin Arrow
35:25 Scale Mail Armor
35:21 Bodkin Arrow
38:42 Long Swordsman
39:42 Chain Mail Armor
39:33 Scale Barding Armor
imissyouyuki
10:27 Loom
13:28 Feudal Age
13:54 Double-Bit Axe
14:07 Horse Collar
17:32 Wheelbarrow
22:24 Castle Age
21:00 Gold Mining
21:07 Fletching
23:20 Bow Saw
23:33 Crossbowman
25:17 Padded Archer Armor
26:09 Heavy Plow
28:33 Bodkin Arrow
29:07 Ballistics
Connection lost

Rejoining the realm…

Still unreachable

The connection could not be restored.

Session expired

The server has moved on; the page needs a fresh start.